 Dungeon Crawl Stone Soup version 0.31.0-11-ge490571c62 (webtiles) character file.

Game seed: 10377380860349829577

370 ProzacElf the Cudgeller (level 6, -1/50 HPs)
             Began as an Armataur Fighter on Jan 31, 2024.
             Was an Elder of Ru.
             Slain by an ogre
             ... wielding a +0 giant club
              (28 damage)
             ... on level 4 of the Dungeon.
             The game lasted 00:06:14 (3022 turns).

ProzacElf the Cudgeller (Armataur Fighter)          Turns: 3022, Time: 00:06:14

Health: -1/50      AC: 10    Str: 21    XL:     6   Next: 42%
Magic:  6/6        EV:  6    Int:  8    God:    Ru [****..]
Gold:   103        SH:  0    Dex: 12    Spells: 5/5 levels left

rFire   . . .        a - +0 flail
rCold   . . .        (shield unavailable)
rNeg    . . .        n - +0 chain mail
rPois   .            (no helmet)
rElec   .            (no cloak)
rCorr   .            r - +0 pair of gloves
SInv    .            (no barding)
Will    .....        e - amulet of regeneration Stlth
                     (ring unavailable)
HPRegen 1.08/turn    (no ring)
MPRegen 0.10/turn

%: roll
@: no status effects
A: large, deformed body, tough skin 3, missing a hand, hated by all, armoured
tail, roll 1
a: Renounce Religion, Draw Out Power, Power Leap


You were on level 4 of the Dungeon.
You worshipped Ru.
Ru was greatly pleased with you.
You visited 1 branch of the dungeon, and saw 4 of its levels.

You collected 103 gold pieces.

Inventory:

Hand Weapons
 a - a +0 flail (weapon)
 b - a +0 dagger of venom
Missiles
 h - 5 poisoned darts (quivered)
 s - 2 boomerangs
Armour
 f - a +0 scale mail
 n - a +0 chain mail (worn)
 r - a +0 pair of gloves (worn)
Jewellery
 e - an amulet of regeneration (around neck)
 m - an amulet of magic regeneration
 p - an amulet of reflection
Wands
 q - a wand of roots (5)
Scrolls
 g - a scroll of poison {unknown}
 k - 2 scrolls of noise {unknown}
 l - 2 scrolls of silence {unknown}
 t - a scroll of vulnerability {unknown}
 u - a scroll of fog {unknown}
Potions
 c - a potion of magic {unknown}
 d - a potion of might
 i - a potion of mutation {unknown}
 j - 2 potions of attraction {unknown}
 o - 4 potions of curing {unknown}


   Skills:
 - Level 2.6 Fighting
 + Level 5.7 Maces & Flails
 - Level 5.0 Armour


You had 5 spell levels left.
You didn't know any spells.
Your spell library contained the following spells:

 Spells                   Type           Power      Damage    Failure   Level
 Magic Dart               Conj           0%         1d3       96%         1
 Blink                    Tloc           0%         N/A       99%         2
 Call Imp                 Summ           Unusable   N/A       N/A         2

Dungeon Overview and Level Annotations

Branches:
Dungeon (4/15)
 Temple: D:4-7

Altars:
Gozag
Ru

Annotations:
D:1 fly for gold
D:3 2 runed translucent doors, VoidStrider's ghost, amateur TeAE


Innate Abilities, Weirdness & Mutations

Armour fits poorly on your strangely shaped body.
You have extremely tough skin. (AC +3)
You are missing a hand.
You are hated by all.
You have a long armoured tail.
You regenerate magic when rolling toward enemies. (Rampage MPRegen)


Message History

An adder comes inta view.
Tha adder hisses angrily.
Ye redirect tha adder's attack!
Tha adder bites itself but does nay damage.
Ye hit tha adder.
Tha adder be lightly wounded.
Tha adder closely misses ye.
Ye thump tha adder!
Ye kill tha adder!
Nay target in view!
Nay target in view!
An ogre comes inta view.
It be wieldin' a +0 giant club.
Tha ogre shouts!
Thar be an op'n door 'ere.
Throw: 8 darts (poison)
Press: ? - help, Q - select action, (/) - cycle Shift-Dir - straight line, f - ogre
Aim: an ogre, wieldin' a +0 giant club (71% ta hit) Ye throw a poison'd dart.
Tha poison'd dart hits tha ogre.
Tha ogre be poison'd.
Throw: 7 darts (poison)
Press: ? - help, Q - select action, (/) - cycle Shift-Dir - straight line, f/p - ogre
Aim: an ogre, wieldin' a +0 giant club (poison'd, 71% ta hit) Ye throw a poison'd dart.
Tha poison'd dart hits tha ogre.
Tha ogre looks ev'n sicker.
Throw: 6 darts (poison)
Press: ? - help, Q - select action, (/) - cycle Shift-Dir - straight line, f/p - ogre
Aim: an ogre, wieldin' a +0 giant club (very poison'd, 71% ta hit) Ye throw a poison'd dart.
Tha poison'd dart hits tha ogre.
Ye thump tha ogre!
Tha ogre be heavily wounded.
Tha ogre hits ye wit' a +0 giant club!!
Ouch! Tha re'lly hurt!
Ye take 25 damage, an' haf 25/50 hp.
MASSIVE DAMAGE!!
Ye sock tha ogre!
Tha ogre be almost dead.
Ye hit tha ogre.
Tha ogre be almost dead.
Tha ogre hits ye wit' a +0 giant club!!
Ouch! Tha re'lly hurt!
Ye die...

+.#.....## ##.#
#..#........# #.#
#+#..###.####.# #.#
.#..#.....##.## #.#
(..+.#.#.#...#####.#
#(.###.#.#.........#
#.( #...#..>#######
#.O####...####
#@......#
#.....####...#
#..... #...# +##+##
#...# #...# .....
#.#.#. ......


You could see an ogre (poisoned).

Vanquished Creatures
  Grinder (D:3)
  Jessica (D:3)
  An orc wizard (D:3)
  Robin (D:3)
  2 adders
  A dart slug (D:1)
  2 ribbon worms
  5 orcs
  4 ball pythons
  4 bats
  4 endoplasms
  4 giant cockroaches
  12 goblins
  15 hobgoblins
  4 jackals (D:2)
  4 quokkas
  6 frilled lizards
  14 kobolds
  3 rats
88 creatures vanquished.

Vanquished Creatures (others)
  A frilled lizard (D:2)
1 creature vanquished.

Grand Total: 89 creatures vanquished

Notes
Turn   | Place    | Note
-------+----------+-------------------------------------------
     0 | D:1      | ProzacElf the Armataur Fighter began the quest for the Orb.
     0 | D:1      | Reached XP level 1. HP: 18/18 MP: 1/1
   311 | D:1      | Reached XP level 2. HP: 25/25 MP: 2/2
   489 | D:1      | Found a faded altar of an unknown god.
   492 | D:1      | Prayed at the altar of an unknown god.
   492 | D:1      | Became a worshipper of Ru the Awakened
   515 | D:1      | Gained mutation: You are missing a hand. [Ru sacrifice]
   515 | D:1      | Reached * piety under Ru
   515 | D:1      | Reached ** piety under Ru
   817 | D:1      | Reached XP level 3. HP: 30/30 MP: 3/3
  1557 | D:2      | Reached XP level 4. HP: 37/37 MP: 4/4
  1818 | D:3      | Noticed Grinder
  1846 | D:3      | Killed Grinder
  1847 | D:3      | Reached skill level 5 in Maces & Flails
  1847 | D:3      | Reached skill level 5 in Armour
  1847 | D:3      | Reached XP level 5. HP: 17/42 MP: 5/5
  2134 | D:3      | Reached XP level 6. HP: 50/50 MP: 6/6
  2214 | D:3      | Found an opulent altar of Gozag.
  2214 | D:3      | Noticed Jessica
  2226 | D:3      | Killed Jessica
  2381 | D:3      | Found a runed translucent door.
  2382 | D:3      | Noticed VoidStrider's ghost (amateur TeAE)
  2442 | D:3      | Found a runed translucent door.
  2507 | D:3      | Found a blossoming altar of Fedhas.
  2550 | D:3      | Gained mutation: You are hated by all. [Ru sacrifice]
  2550 | D:3      | Reached *** piety under Ru
  2550 | D:3      | Reached **** piety under Ru
  2645 | D:3      | Noticed Robin
  2666 | D:3      | Killed Robin
  3022 | D:4      | Slain by an ogre

Illustrated notes

Levels and vault maps discovered:
D:1:      dpeg_arrival_three_same_balls, layout_loops_corners,
          hellmonk_ecumenical_altar_inner_sanctum,
          corexii_item_surrounded_by_moat
D:2:      layout_basic
D:3:      layout_loops_corners, mainiacjoe_overflow_cross_hatched,
          lemuel_coloured_pillars_altar, ebering_ghost_sewer_f,
          lexackson_kobold_supper, uniq_robin, uniq_grinder, uniq_jessica
D:4:      layout_loops_cross, mainiacjoe_overflow_24_doors, serial_glass,
          glass_columns_c, glass_columns_b, glass_columns_a, glass_columns_c,
          glass_columns_a, glass_columns_b, glass_columns_c, glass_columns_a,
          glass_columns_a, glass_columns_b, glass_columns_a, glass_columns_a,
          glass_columns_c, glass_columns_c, serial_shops,
          nicolae_shop_bloodbath_and_beyond, kennysheep_dice

Skill      XL: |  1  2  3  4 |
---------------+-------------+-----
Maces & Flails | 2 3 5 |  5.7
Armour         | 4 5 |  5.0
Shields        | 0 |  0.0
Fighting       | |  2.6

Action                     |  1- 3 |  4- 6 || total
---------------------------+-------+-------++-------
  Melee: Flail             |   112 |   123 ||   235
         Tailslap          |    10 |    13 ||    23
  Throw: Dart              |     2 |     3 ||     5
 Invoke: Sacrifice a Hand  |     1 |       ||     1
         Sacrifice Love    |       |     1 ||     1
  Evoke: Wand              |       |     2 ||     2
   Stab: Invisible         |       |     1 ||     1
 Armour: Scale mail        |    79 |       ||    79
         Chain mail        |     6 |    89 ||    95
  Dodge: Dodged            |    41 |    25 ||    66
  Block: Buckler           |     3 |       ||     3

Action                     |  1- 3 |  4- 6 || total
---------------------------+-------+-------++-------
  Melee: Flail             |   112 |   123 ||   235
         Tailslap          |    10 |    13 ||    23
  Throw: Dart              |     2 |     3 ||     5
 Invoke: Sacrifice a Hand  |     1 |       ||     1
         Sacrifice Love    |       |     1 ||     1
  Evoke: Wand              |       |     2 ||     2
   Stab: Invisible         |       |     1 ||     1
 Armour: Scale mail        |    79 |       ||    79
         Chain mail        |     6 |    89 ||    95
  Dodge: Dodged            |    41 |    25 ||    66
  Block: Buckler           |     3 |       ||     3

Levels and vault maps discovered:
D:1:      dpeg_arrival_three_same_balls, layout_loops_corners,
          hellmonk_ecumenical_altar_inner_sanctum,
          corexii_item_surrounded_by_moat
D:2:      layout_basic
D:3:      layout_loops_corners, mainiacjoe_overflow_cross_hatched,
          lemuel_coloured_pillars_altar, ebering_ghost_sewer_f,
          lexackson_kobold_supper, uniq_robin, uniq_grinder, uniq_jessica
D:4:      layout_loops_cross, mainiacjoe_overflow_24_doors, serial_glass,
          glass_columns_c, glass_columns_b, glass_columns_a, glass_columns_c,
          glass_columns_a, glass_columns_b, glass_columns_c, glass_columns_a,
          glass_columns_a, glass_columns_b, glass_columns_a, glass_columns_a,
          glass_columns_c, glass_columns_c, serial_shops,
          nicolae_shop_bloodbath_and_beyond, kennysheep_dice
